 Dungeon Crawl Stone Soup version 0.28.0-62-gf88900778d (webtiles) character file.

Game seed: 17682370175928492690

82 cbfl8 the Chopper (level 4, 0/40 HPs)
             Began as a Hill Orc Fighter on May 26, 2023.
             Killed from afar by Sigmund (4 damage)
             ... with a puff of flame
             ... on level 2 of the Dungeon.
             The game lasted 00:01:57 (2184 turns).

cbfl8 the Chopper (Hill Orc Fighter)                Turns: 2184, Time: 00:01:58

Health: 0/40       AC:  7    Str: 18    XL:     4   Next: 43%
Magic:  4/4        EV:  9    Int:  8    God:
Gold:   40         SH:  4    Dex: 12    Spells: 3/3 levels left

rFire   . . .      SeeInvis .   a - +0 war axe
rCold   . . .      Faith    .   c - +0 buckler
rNeg    + . .      Spirit   .   b - +0 scale mail
rPois   .          Reflect  .   (no helmet)
rElec   .          Harm     .   (no cloak)
rCorr   .          Rampage  .   (no gloves)
Will    .....                   (no boots)
Stlth   ..........              (no amulet)
HPRegen 0.13/turn               l - ring of positive energy
MPRegen 0.09/turn               (no ring)

@: silenced
A: no striking features
a: no special abilities


You were on level 2 of the Dungeon.
You visited 1 branch of the dungeon, and saw 2 of its levels.

You collected 40 gold pieces.

Inventory:

Hand Weapons
 a - a +0 war axe (weapon)
Armour
 b - a +0 scale mail (worn)
 c - a +0 buckler (worn)
Jewellery
 l - a ring of positive energy (left hand)
Scrolls
 e - a scroll of enchant weapon {unknown}
 f - a scroll of amnesia
 k - a scroll of teleportation {unknown}
 m - a scroll of blinking {unknown}
Potions
 d - a potion of might
 g - a potion of mutation {unknown}
 h - a potion of curing {unknown}


   Skills:
 + Level 4.0 Fighting
 + Level 4.1 Axes
 + Level 3.8 Armour
 + Level 0.3 Dodging
 + Level 3.5 Shields
 * Level 1.5 Evocations


You had 3 spell levels left.
You didn't know any spells.
Your spell library contained the following spells:

 Spells                   Type           Power      Damage    Failure   Level
 Static Discharge         Conj/Air       0%         N/A       95%         2
 Dispel Undead            Necr           0%         3d6       100%        4
 Sticky Flame             Conj/Fire      0%         2d3       100%        4


Dungeon Overview and Level Annotations

Branches:
Dungeon (2/15)

Altars:

Annotations:
D:2 Sigmund


Message History

Things that are here:
a +0 dagger; a +0 robe You closely miss the bat.
The bat hits you.
You closely miss the bat. You block the bat's attack. x2
The bat barely misses you.
You hit the bat.
You kill the bat!
You start resting.
Sigmund is nearby!
Sigmund is nearby!
Sigmund shouts!
Found a robe.
Sigmund points at you and mumbles some strange words.
The magic dart hits you. Sigmund casts a spell at you. The magic dart hits you.
* * * LOW HITPOINT WARNING * * *
An adder comes into view.
The adder hisses angrily.
You hit the adder but do no damage.
The adder bites you but does no damage. x2
As you read the scroll labelled ZOCVEPU YDDAOT, it crumbles to dust.
You hear a loud clanging noise!
It was a scroll of noise.
You hear a shout!
The adder bites you but does no damage.
Sigmund points at you and mumbles some strange words.
The magic dart hits you!
* * * LOW HITPOINT WARNING * * *
As you read the scroll labelled TOUNAMMAUJU, it crumbles to dust.
It is a scroll of amnesia.
You feel forgetful for a moment. The adder closely misses you.
Sigmund casts a spell at you. The puff of flame misses you.
As you read the scroll labelled SUAMIO TUREBBO, it crumbles to dust.
A profound silence engulfs you.
It was a scroll of silence.
The adder bites you.
* * * LOW HITPOINT WARNING * * *
Sigmund points at you and mumbles some strange words.
The puff of flame hits you.
You die...

.... #..# # #..# #.
#..# #.# ##..#
#..#######...#
.........@...# #.
#..##..##..########
..
#....####..@S....#
..# ##..##
#.######.# [..##
#..# #..#
....###..###...#
#.#..........#.#
#...
#.#..........#.#
#..#
#...###..###...#
#..# ...## #††# ..#
#.(# ..## ##..##
#.# #..#


You could see Sigmund and an adder.

Vanquished Creatures
  Jessica (D:2)
  2 adders (D:2)
  5 ball pythons
  2 bats
  5 endoplasms (D:1)
  A giant cockroach (D:1)
  3 goblins (D:2)
  2 hobgoblins (D:1)
  4 jackals (D:2)
  A quokka (D:1)
  2 frilled lizards (D:1)
  6 kobolds
  2 rats
36 creatures vanquished.

Vanquished Creatures (others)
  7 toadstools (D:1)
7 creatures vanquished.

Grand Total: 43 creatures vanquished

Notes
Turn   | Place    | Note
-------+----------+-------------------------------------------
     0 | D:1      | cbfl8 the Hill Orc Fighter began the quest for the Orb.
     0 | D:1      | Reached XP level 1. HP: 19/19 MP: 1/1
   284 | D:1      | Reached XP level 2. HP: 27/27 MP: 2/2
  1063 | D:1      | Found a faded altar of an unknown god.
  1348 | D:2      | Reached XP level 3. HP: 33/33 MP: 3/3
  1379 | D:2      | Reached skill level 1 in Evocations
  1506 | D:2      | Noticed Sigmund
  2072 | D:2      | Noticed Jessica
  2080 | D:2      | Killed Jessica
  2081 | D:2      | Reached XP level 4. HP: 28/40 MP: 4/4
  2184 | D:2      | Killed from afar by Sigmund

Illustrated notes

Levels and vault maps discovered:
D:1:      nagdon_arrival_double_spiral, layout_loops_ring,
          dilly_ecumenical_altar_fadedgnrine, minmay_misc_feat_room,
          chequers_serial_rivers_room_a
D:2:      layout_loops_ring, minmay_misc_feat_enclosed, minivault_26,
          palyth_stone_intersect, uniq_sigmund, uniq_jessica

Skill      XL: |  1  2  3 |
---------------+----------+-----
Axes           | 3 4 |  4.1
Evocations     | 1 |  1.5
Fighting       | 4 |  4.0
Armour         | |  3.8
Dodging        | |  0.3
Shields        | |  3.5

Action                   |  1- 3 |  4- 6 || total
-------------------------+-------+-------++-------
Melee: War axe           |   110 |    21 ||   131
  Use: Scroll            |       |     3 ||     3
Armor: Scale mail        |    54 |    12 ||    66
Dodge: Dodged            |    65 |    22 ||    87
Block: Buckler           |    21 |     9 ||    30
